 Dungeon Crawl Stone Soup version 0.30.0-29-ga12c61a403 (webtiles) character file.

Game seed: 4615913694364321008

43 JMMCWHIRT the Cudgeller (level 3, -2/33 HPs)
             Began as a Minotaur Chaos Knight on June 10, 2023.
             Was a Plaything of Xom.
             Slain by a gnoll
             ... wielding a +0 spear
              (7 damage)
             ... on level 2 of the Dungeon on June 18, 2023.
             The game lasted 00:03:25 (1345 turns).

JMMCWHIRT the Cudgeller (Minotaur Chaos Knight)     Turns: 1345, Time: 00:03:25

Health: -2/33      AC:  7    Str: 16    XL:     3   Next: 37%
Magic:  2/2        EV: 11    Int:  9    God:    Xom [....*.]
Gold:   130        SH:  0    Dex: 11    Spells: 2/2 levels left

rFire   . . .        a - +0 mace (chaos)
rCold   . . .        (no shield)
rNeg    . . .        b - +2 leather armour
rPois   .            (helmet restricted)
rElec   .            (no cloak)
rCorr   .            g - +0 pair of gloves
SInv    .            h - +0 pair of boots
Will    .....        (no amulet)
Stlth   +            (no ring)
HPRegen 0.25/turn    (no ring)
MPRegen 0.08/turn

%: no passive effects
@: no status effects
A: horns 2, retaliatory headbutt
a: Renounce Religion


You were on level 2 of the Dungeon.
You worshipped Xom.
You were a beloved toy of Xom.
You visited 1 branch of the dungeon, and saw 2 of its levels.

You collected 130 gold pieces.

Inventory:

Hand Weapons
 a - a +0 mace of chaos (weapon)
Armour
 b - a +2 leather armour (worn)
 g - a +0 pair of gloves (worn)
 h - a +0 pair of boots (worn)
Scrolls
 d - a scroll of vulnerability {unknown}
 f - a scroll of fog {unknown}
 i - a scroll of amnesia {unknown}
 j - a scroll of brand weapon {unknown}
Potions
 e - a potion of flight {unknown}
 k - a potion of haste {unknown}
Miscellaneous
 c - a piece from Xom's chessboard (15/15) (quivered)


   Skills:
 + Level 4.2 Fighting
 + Level 4.6 Maces & Flails
 + Level 2.7 Armour
 + Level 1.1 Dodging
 + Level 0.2 Stealth


You had 2 spell levels left.
You didn't know any spells.
Your spell library was empty.

Dungeon Overview and Level Annotations

Branches:
Dungeon (2/15)

Altars:

Shops:
D:2 =


Innate Abilities, Weirdness & Mutations

You have a pair of horns on your head.
You reflexively headbutt those who attack you in melee.


Message History

Xom titters.
Press ? for a list of commands and other information.
The gnoll hits your ice beast with a +0 halberd of protection.
The gnoll completely misses you. You furiously retaliate!
You headbutt the gnoll!
Your ice beast hits the gnoll but does no damage.
You barely miss the gnoll.
The gnoll is almost dead.
Your ice beast disappears in a puff of smoke!
The gnoll hits you but does no damage. The gnoll hits you with a +0 spear.
You are too injured to fight recklessly!
You are too injured to fight recklessly!
You are too injured to fight recklessly!
You barely miss the gnoll. You headbutt the gnoll.
You kill the gnoll! "Hum-dee-hum-dee-hum..."
The gnoll is moving more slowly.
You have reached level 3!
Your experience leads to an increase in your attributes!
Increase (S)trength, (I)ntelligence, or (D)exterity?
Uppercase letters only, please.
You feel agile. x2
Things that are here:
a +0 spear; a gnoll corpse The gnoll hits you with a +0 halberd of protection!
* * * LOW HITPOINT WARNING * * *
The gnoll closely misses you.
You hit the gnoll but do no damage. Lightning courses through the gnoll!!
You kill the gnoll! "Serve the mortal, my child!"
The gnoll barely misses you. The gnoll hits you but does no damage.
The gnoll hits you with a +0 spear.
* * * LOW HITPOINT WARNING * * *
You closely miss the gnoll. The gnoll misses you. The gnoll barely misses you.
You furiously retaliate!
You headbutt the gnoll! You closely miss the gnoll. You headbutt the gnoll.
The gnoll is heavily wounded.
Your ufetubus barely misses the gnoll.
Your ufetubus hits the gnoll. The gnoll hits you but does no damage.
The gnoll hits you with a +0 spear!
You die...

#.......###..##.##
####..####..###.# #..
#.......## #.# #... #.###..##
##.# ##.... #.#
#..####..######.....
#######.###...................
#........##)#.######...#..#...
#...........#5.......####.....
#............@g.#########.....
#........###.#g...............
#........# #...##########g#...
#######.## #..## #.##.. #.#
##..# #Y###. #.###...#
#####.#... #.##..#.#
##.g.g....# ######.##.##.#
#.g##....## ##..........#.#
#.###...###


You could see 2 gnolls and a friendly ufetubus (summoned).

Vanquished Creatures
  2 gnolls (D:2)
  A worm (D:2)
  A dart slug (D:2)
  2 ball pythons
  A bat (D:1)
  2 endoplasms (D:1)
  3 goblins (D:1)
  A quokka (D:2)
  3 frilled lizards
  2 kobolds
  2 rats (D:1)
20 creatures vanquished.

Notes
Turn   | Place    | Note
-------+----------+-------------------------------------------
     0 | D:1      | JMMCWHIRT the Minotaur Chaos Knight began the quest for the
                  | Orb.
     0 | D:1      | Reached XP level 1. HP: 19/19 MP: 0/0
   168 | D:1      | Reached XP level 2. HP: 27/27 MP: 1/1
   335 | D:1      | XOM: god gift: 48 gold pieces
   977 | D:2      | XOM: silly message
  1109 | D:2      | Found Diudapta's Jewellery Emporium.
  1314 | D:2      | XOM: silly message
  1315 | D:2      | XOM: cast spell 'Summon Ice Beast'
  1338 | D:2      | XOM: enchant monster (good)
  1339 | D:2      | Reached XP level 3. HP: 15/33 MP: 2/2
  1342 | D:2      | XOM: summons friendly ufetubus
  1345 | D:2      | Slain by a gnoll

Illustrated notes

Levels and vault maps discovered:
D:1:      wander_arrival_chamber, layout_loops_corners, minmay_splitting_lines,
          chequers_serial_rivers_large_b
D:2:      layout_rooms, serial_shops, nicolae_diamond_shop,
          minmay_fractal_squares_5

Skill      XL: |  1  2 |
---------------+-------+-----
Maces & Flails | 4 |  4.6
Fighting       | 4 |  4.2
Armour         | |  2.7
Dodging        | |  1.1
Stealth        | |  0.2

Action                     || total
---------------------------++-------
  Melee: Mace              ||    34
         Headbutt          ||     5
 Armour: Leather armour    ||    12
  Dodge: Dodged            ||    26
